 Dungeon Crawl Stone Soup version 0.28.0-49-g6dfe1f597d (webtiles) character file.

Game seed: 16536206421667284885

500 acdeimund the Chopper (level 6, 28/57 HPs)
             Began as a Deep Dwarf Fighter on May 13, 2022.
             Quit the game on level 1 of the Abyss.
             The game lasted 00:10:12 (2659 turns).

acdeimund the Chopper (Deep Dwarf Fighter)          Turns: 2659, Time: 00:10:12

Health: 28/57      AC:  8    Str: 22    XL:     6   Next: 94%
Magic:  5/5        EV:  9    Int:  8    God:
Gold:   137        SH:  5    Dex: 12    Spells: 5/5 levels left

rFire   . . .      SeeInvis .   a - +0 war axe
rCold   . . .      Faith    .   c - +0 buckler
rNeg    . . .      Spirit   .   b - +0 scale mail
rPois   .          Reflect  .   (no helmet)
rElec   .          Harm     .   o - +0 cloak
rCorr   .          Rampage  .   (no gloves)
Will    .....                   (no boots)
Stlth   ..........              (no amulet)
HPRegen 0.00/turn               (no ring)
MPRegen 0.09/turn               (no ring)

@: no status effects
A: damage resistance, heal wounds, sense surroundings 1, no regeneration
a: Heal Wounds


You were on level 1 of the Abyss.
You visited 1 branch of the dungeon, and saw 4 of its levels.
You visited the Abyss 1 time.
You also visited: Sewer.

You collected 137 gold pieces.

Inventory:

Hand Weapons
 a - a +0 war axe (weapon)
Missiles
 e - 55 stones
 k - 2 curare-tipped darts (quivered)
 l - a throwing net
Armour
 b - a +0 scale mail (worn)
 c - a +0 buckler (worn)
 n - a +0 scale mail
 o - a +0 cloak (worn)
Scrolls
 f - a scroll of immolation
 h - 3 scrolls of enchant armour
 q - a scroll of blinking
 r - a scroll of identify
Potions
 d - a potion of might
 g - 2 potions of brilliance
 i - 3 potions of curing
 j - 2 potions of flight
 m - a potion of berserk rage {unknown}
 p - 5 potions of heal wounds {unknown}


   Skills:
 + Level 4.0 Fighting
 * Level 5.4 Axes
 + Level 4.8 Armour
 + Level 4.8 Shields


You had 5 spell levels left.
You didn't know any spells.
Your spell library contained the following spells:

 Spells                   Type           Power      Damage    Failure   Level
 Ensorcelled Hibernation  Hex/Ice        0%         N/A       91%         2
 Passwall                 Tmut/Erth      0%         N/A       91%         2
 Swiftness                Air            0%         N/A       99%         3


Dungeon Overview and Level Annotations

Branches:
Dungeon (4/15)              Sewer (visited)
 Temple: D:4-7

Altars:

Shops:
D:2 =

Annotations:
D:3 Grinder


Innate Abilities, Weirdness & Mutations

You are resistant to damage.
You can heal yourself by infusing magical energy.
You passively map a small area around you.
You do not regenerate.


Message History

You slash the orc wizard!
You kill the orc wizard!
You hit the scorpion but do no damage. The scorpion barely misses you.
An orc and an orc priest come into view.
The orc priest is wielding a +0 morningstar of distortion.
The orc priest shouts!
You block the scorpion's attack. The scorpion misses you.
Items here: ))) [[ ††.
You hit the scorpion but do no damage.
The scorpion is almost dead.
The scorpion barely misses you.
You hit the scorpion but do no damage.
The scorpion is almost dead.
The scorpion stings you.
The orc priest casts a cantrip, but nothing happens.
You barely miss the scorpion.
The scorpion is almost dead.
You block the scorpion's attack. The scorpion closely misses you.
You hit the scorpion but do no damage.
The scorpion is almost dead.
You are no longer poisoned.
An orc comes into view. It is wielding a +0 club.
The scorpion stings you.
You slash the scorpion!
You kill the scorpion!
You hit the orc but do no damage. The orc barely misses you.
Your Fighting skill increases to level 4!
You feel much better.
The orc priest calls down the wrath of Beogh upon you.
Beogh smites you! You block the orc's attack.
Unknown command.
The orc priest looks braver for a moment.
The orc closely misses you.
You hit the orc priest.
The orc priest is lightly wounded.
You barely miss the orc.
The orc priest hits you with a +0 morningstar of distortion!
You are cast into the Abyss!
This branch contains the abyssal rune of Zot.
Are you sure you want to abandon this character and quit the game? (Confirm with "yes".)

... .. ....
.....#...
..#....# .
......## ..
......#...
.......
#...# #@.#
........#.#
.#.......
..
..#.##....
... ..
.....# ...
.. .......
.. .
........ .
........#.


There were no monsters in sight!

Vanquished Creatures
  Pargi (Sewer)
  An ogre (D:4)
  A scorpion (D:4)
  An iguana (D:4)
  2 orc wizards (D:4)
  4 gnolls (D:3)
  6 adders
  4 river rats (D:3)
  3 worms (D:3)
  An orc (D:3)
  4 endoplasms
  A giant cockroach (D:2)
  3 goblins
  3 hobgoblins
  2 jackals (D:2)
  4 kobolds
  5 quokkas
  4 ball pythons
  5 bats
  10 frilled lizards
  8 rats
73 creatures vanquished.

Vanquished Creatures (others)
  3 fungi (D:3)
3 creatures vanquished.

Grand Total: 76 creatures vanquished

Notes
Turn   | Place    | Note
-------+----------+-------------------------------------------
     0 | D:1      | acdeimund the Deep Dwarf Fighter began the quest for the
                  | Orb.
     0 | D:1      | Reached XP level 1. HP: 20/20 MP: 1/1
   155 | D:1      | You fall into a shaft and drop 1 floor!
   292 | D:1      | Reached XP level 2. HP: 25/27 MP: 2/2
  1033 | D:2      | Reached skill level 3 in Axes
  1033 | D:2      | Reached XP level 3. HP: 27/33 MP: 3/3
  1454 | D:2      | Found Hupiupp's Jewellery Boutique.
  1782 | D:2      | Reached XP level 4. HP: 27/42 MP: 4/4
  1900 | D:3      | Noticed an ice beast
  1900 | D:3      | Noticed Grinder
  2256 | D:3      | Reached skill level 4 in Axes
  2276 | D:3      | Reached XP level 5. HP: 13/49 MP: 5/5
  2283 | D:3      | Found a glowing drain.
  2306 | Sewer    | Entered a sewer
  2342 | Sewer    | Noticed Pargi
  2348 | Sewer    | Killed Pargi
  2568 | D:3      | Reached XP level 6. HP: 37/56 MP: 6/6
  2621 | D:4      | Reached skill level 5 in Axes
  2658 | D:4      | Cast into level 1 of the Abyss (orc priest)
  2659 | Abyss:1  | Quit the game

Illustrated notes

Levels and vault maps discovered:
D:1:      dpeg_arrival_tiny_a, layout_loops_corners, minmay_splitting_lines
D:2:      layout_basic, serial_shops, shop
D:3:      layout_basic, lightli_sewer_entry_pipes,
          shapermc_ecumenical_altar_acropolis, serial_glass, glass_columns_a,
          glass_columns_b, hex_medium, uniq_grinder
D:4:      layout_cave_pools
Abyss:1:  base: D:2, guppyfry_abyss_exit_imp_island, bh_abyss_exit_spiral

Skill      XL: |  1  2  3  4  5  6 |
---------------+-------------------+-----
Axes           | 3 4 5 |  5.4
Fighting       | 3 4 |  4.0
Shields        | 4 |  4.8
Armour         | 4 |  4.8

Action                   |  1- 3 |  4- 6 || total
-------------------------+-------+-------++-------
Melee: War axe           |   104 |   154 ||   258
Throw: Dart              |       |     2 ||     2
 Abil: Heal Wounds       |       |     4 ||     4
  Use: Scroll            |     6 |     7 ||    13
       Potion            |       |     1 ||     1
Armor: Scale mail        |    50 |    55 ||   105
Dodge: Dodged            |    44 |    69 ||   113
Block: Buckler           |    23 |    41 ||    64
